 Dungeon Crawl Stone Soup version 0.31-a0-859-g9dce7d3444 (webtiles) character file.

Game seed: 16187699625966085914

57047 croobank the Covert (level 14, -1/147 HPs)
             Began as an Octopode Delver on Oct 8, 2023.
             Was an Initiate of Gozag.
             Slain by a blink frog (6 damage)
             ... on level 5 of the Lair of Beasts on Oct 9, 2023.
             The game lasted 01:56:30 (24835 turns).

croobank the Covert (Octopode Delver)              Turns: 24835, Time: 01:56:31

Health: -1/147     AC:  1    Str: 12    XL:     14   Next: 84%
Magic:  33/36      EV: 17    Int: 17    God:    Gozag
Gold:   3469       SH:  0    Dex: 15    Spells: 12/32 levels left

rFire   . . .        h - +8 short sword of Foomowax {drain, Contam rPois rC+ Dex+2}
rCold   + . .        (no shield)
rNeg    . . .        (helmet restricted)
rPois   +            O - amulet of regeneration
rElec   .            E - ring of willpower
rCorr   .            N - +4 ring of slaying
SInv    .            R - ring of magical power
Will    ++...        (no ring) Stlth
                     (no ring)
HPRegen 1.24/turn    (no ring)
MPRegen 0.25/turn    (no ring)
                     (no ring)

%: no passive effects
@: berserking, gold aura, studying Polearms, very quick
A: almost no armour, amphibious, 8 rings, camouflage 1, gelatinous body 1,
(nimble swimmer 1), tentacles
a: Renounce Religion, Potion Petition, Call Merchant, Bribe Branch


You were on level 5 of the Lair of Beasts.
You worshipped Gozag.
Gozag was most pleased with you.
You visited 3 branches of the dungeon, and saw 15 of its levels.

You collected 4626 gold pieces.
You paid 1157 gold pieces to Gozag.

Inventory:

Hand Weapons
 h - the +8 short sword of Foomowax (weapon) {drain, Contam rPois rC+ Dex+2}
   (You acquired it on level 8 of the Dungeon)

   Dex+2:     It affects your dexterity (+2).
   rC+:       It protects you from cold.
   rPois:     It protects you from poison Contam: It causes magical
   contamination when unequipped.
 i - the +0 flail of Watchfulness {freeze, rElec rF- Will- Dex+7}
   (You found it on level 9 of the Dungeon)

   Dex+7:     It affects your dexterity (+7).
   rF-:       It makes you vulnerable to fire.
   rElec:     It insulates you from electricity.
   Will-:     It decreases your willpower.
 j - a +2 whip of holy wrath
 m - a +3 trident of draining
 n - a +0 long sword of protection
 y - a +2 antimagic dagger
 B - a +0 spectral scimitar
 C - a +2 whip of electrocution
 D - a +2 hand axe of flaming
 P - a +2 war axe of freezing
 U - a +2 short sword of speed
Missiles
 a - 2 throwing nets (quivered)
 l - 12 poisoned darts
 v - 10 boomerangs
Armour
 e - an orb of wrath
 q - a +0 buckler
 t - a -2 hat
Magical Staves
 w - a staff of poison
Jewellery
 b - the ring of Nupeil {Fly rN+++ rCorr Int-4 Slay+3}
   (You found it on level 9 of the Dungeon)

   [ring of flight]

   Int-4:     It affects your intelligence (-4).
   Slay+3:    It affects your accuracy & damage with ranged weapons and melee
   (+3).
   rN+++:     It renders you almost immune to negative energy.
   Fly:       It grants you flight.
   rCorr:     It protects you from acid and corrosion.
 p - a ring of fire
 E - a ring of willpower (left tentacle)
 N - a +4 ring of slaying (right tentacle)
 O - an amulet of regeneration (around mantle)
 R - a ring of magical power (on tentacle)
Talismans
 g - a maw talisman
Wands
 f - a wand of digging (7)
 k - a wand of roots (13)
 r - a wand of flame (37)
 I - a wand of charming (16)
 L - a wand of polymorph (6)
Scrolls
 c - 2 scrolls of revelation
 d - a scroll of teleportation
 A - 2 scrolls of silence
 F - 2 scrolls of enchant weapon
 G - 2 scrolls of fog
Potions
 o - 2 potions of resistance
 s - a potion of brilliance
 u - a potion of invisibility
 x - a potion of magic
 z - 8 potions of curing
 H - 2 potions of enlightenment
 J - 2 potions of might
 K - a potion of berserk rage
 M - a potion of attraction
 Q - a potion of haste
 S - a potion of ambrosia


   Skills:
 + Level 9.8 Fighting
 - Level 10.0 Short Blades
 - Level 0.9 Polearms
 + Level 9.2 Dodging
 + Level 13.9 Stealth
 + Level 9.6 Spellcasting
 + Level 6.4 Conjurations
 - Level 6.7 Transmutations
 - Level 6.6 Fire Magic
 + Level 6.0 Ice Magic
 + Level 6.4 Air Magic
 - Level 5.6 Poison Magic


You had 12 spell levels left.
You knew the following spells:

 Your Spells              Type           Power      Damage    Failure   Level
a - Freeze                Ice            100%       1d10      1%          1
b - Ensorcelled Hibernat  Hex/Ice        36%        N/A       3%          2
c - Frozen Ramparts       Ice            56%        1d9       2%          3
d - Mephitic Cloud        Conj/Pois/Air  29%        N/A       1%          3
e - Ignite Poison         Fire/Tmut/Pois 29%        N/A       1%          3
f - Swiftness             Air            30%        N/A       1%          3
g - Freezing Cloud        Conj/Ice/Air   14%        6-21      19%         5

Your spell library contained the following spells:

 Spells                   Type           Power      Damage    Failure   Level
 Magic Dart               Conj           100%       1d8       1%          1
 Shock                    Conj/Air       100%       1d9       1%          1
 Hailstorm                Conj/Ice       29%        3d8       1%          3
 Cigotuvi's Dreadful Rot  Necr/Pois/Air  42%        N/A       2%          2
 Passwall                 Tmut/Erth      15%        N/A       3%          2
 Airstrike                Air            15%        2d(3-19)  6%          4
 Call Imp                 Summ           16%        N/A       14%         2
 Jinxbite                 Hex            16%        N/A       14%         2
 Anguish                  Hex/Necr       4%         N/A       65%         4
 Conjure Ball Lightning   Conj/Air       15%        3x3d6     67%         6
 Discord                  Hex            4%         N/A       100%        8
 Disjunction              Tloc           4%         N/A       100%        8


Dungeon Overview and Level Annotations

Branches:
Dungeon (9/15)             Temple (1/1) D:4            Lair (5/5) D:9
  Swamp (0/4) Lair:3       Spider (0/4) Lair:2        Slime (0/5) Lair:5
    Orc: D:9-12

Altars:
Ashenzari
Cheibriados
Dithmenos
Elyvilon
Fedhas
Gozag
Hepliaklqana
Kikubaaqudgha
Makhleb
Nemelex Xobeh
Okawaru
Qazlal
Ru
Sif Muna
Trog
Uskayaw
Vehumet
Wu Jian
Xom
Yredelemnul
Zin
The Shining One

Shops:
D:2 [   D:7 *

Annotations:
D:5 3 runed translucent doors, pigah's ghost, novice OpSh
D:9 exclusion: ice statue
Lair:1 2 transporters, exclusion: downstairs
Lair:4 exclusion: downstairs


Innate Abilities, Weirdness & Mutations

You cannot wear most types of armour.
You are amphibious.
You can wear up to eight rings at the same time.
Your skin changes colour to match your surroundings (Stealth+).
Your rubbery body absorbs attacks. (AC +1, EV +1)
((You are camouflaged when in or above water. (Stealth+)))
You have tentacles for arms and can constrict up to eight enemies at once.


Message History

The blink frog closely misses you. The elephant tramples you!
* * * LOW HITPOINT WARNING * * *
You hold your ground!
The elephant barely misses you.
You hit the elephant.
The elephant is severely wounded.
You puncture the elephant!
The elephant is almost dead.
The blink frog completely misses you.
You hit the elephant. You squeeze the elephant!
The elephant is almost dead.
The elephant completely misses you. The elephant misses you.
The blink frog hits you.
* * * LOW HITPOINT WARNING * * *
You puncture the elephant!
You kill the elephant!
The blink frog blinks!
You puncture the blink frog! You grab the blink frog.
The blink frog is moderately wounded.
You constrict the blink frog. You impale the blink frog!!
Your grab misses the blink frog.
The blink frog is heavily wounded.
You constrict the blink frog. The blink frog hits you!
* * * LOW HITPOINT WARNING * * *
The blink frog struggles to blink free from constriction.
You closely miss the blink frog. You grab the blink frog.
The blink frog is heavily wounded.
You constrict the blink frog, but do no damage.
You constrict the blink frog. The blink frog closely misses you.
You puncture the blink frog! You drain the blink frog.
You squeeze the blink frog.
You kill the blink frog!
You constrict the blink frog. The blink frog closely misses you.
You completely miss the blink frog.
The blink frog is heavily wounded.
You constrict the blink frog. You hit the blink frog.
The blink frog is severely wounded.
You constrict the blink frog. The blink frog hits you.
You die...
Your body crumbles into a pile of gold.

.....#....#....###.#........
.#....####.....###..........
##...####....##.....##....#
#...#.#............##..###
.##..).#..#....F......##..#
.......................##
.##
#...##...........##.....# ..
.......#..#.#...###....##
.## # #####.#####@$.# #...##
.# ##### #F$.####..# ..
..##..##....#....####.#
......)...............# .
h....P................## ..
....................... ...
.....#.#...#...## .P..###
#... #...####....###.#
#...... .#.. ##..
#....#...###...P##


You could see 2 blink frogs.

Vanquished Creatures
  A catoblepas (Lair:2)
  4 hydras
  A boulder beetle (Lair:1)
  13 death yaks
  3 skysharks
  An orb spider (Lair:2)
  7 elephants (Lair:5)
  4 black mambas
  15 cane toads
  8 rime drakes
  2 torpor snails
  Jeremiah (D:7)
  14 komodo dragons
  A queen bee (D:9)
  A troll (D:9)
  6 hornets
  8 polar bears
  Prince Ribbit (D:5)
  12 blink frogs
  9 dream sheep (Lair:5)
  A shadow (D:9)
  Sigmund (D:5)
  Eustachio (D:4)
  51 yaks
  7 wyverns
  13 spriggans (Lair:5)
  2 basilisks (Lair:5)
  A steam dragon (D:9)
  3 vampire mosquitoes (Lair:3)
  Menkaure (D:6)
  Duvessa (D:5)
  16 water moccasins
  2 sky beasts (D:7)
  2 black bears (Lair:5)
  17 ice beasts
  3 orc warriors
  4 boggarts (Lair:5)
  27 wolves
  4 centaurs
  3 phantoms
  A kobold brigand (D:7)
  10 bullfrogs
  A scorpion (D:6)
  A gnoll sergeant (D:7)
  13 wights
  Dowan (D:5)
  11 killer bees (D:9)
  2 howler monkeys (D:9)
  8 electric eels
  4 hounds
  5 orc priests
  A gnoll bouda (D:5)
  7 jellies
  An iron imp (D:7)
  Ijyb (D:5)
  An iguana (D:5)
  7 orc wizards
  4 hell rats (D:9)
  5 adders
  19 gnolls
  A river rat (D:9)
  A white imp (D:6)
  2 ufetubi
  6 worms
  5 dart slugs
  40 orcs
  8 endoplasms
  A giant cockroach (D:3)
  8 goblins
  4 hobgoblins
  2 jackals (D:1)
  14 kobolds
  4 quokkas
  3 ball pythons
  8 bats
  3 frilled lizards
  A goblin skeleton (D:7)
  4 hobgoblin zombies (D:7)
  A kobold skeleton (D:7)
  A kobold zombie (D:7)
  An orc zombie (D:7)
  8 rats
501 creatures vanquished.

Vanquished Creatures (others)
  A quokka (D:1)
1 creature vanquished.

Grand Total: 502 creatures vanquished

Notes
Turn   | Place    | Note
-------+----------+-------------------------------------------
     0 | D:5      | croobank the Octopode Delver began the quest for the Orb.
     0 | D:5      | Reached XP level 1. HP: 16/16 MP: 1/1
    11 | D:6      | Found a hide-covered altar of Uskayaw.
   666 | D:2      | Reached XP level 2. HP: 21/21 MP: 2/2
   722 | D:2      | Found a faded altar of an unknown god.
   891 | D:1      | Reached XP level 3. HP: 25/26 MP: 3/3
  1037 | D:1      | Reached skill level 7 in Stealth
  1427 | D:2      | Found Suohouf's Antique Armour Boutique.
  1434 | D:2      | Reached XP level 4. HP: 31/31 MP: 4/4
  2245 | D:3      | Reached XP level 5. HP: 37/37 MP: 5/5
  2762 | D:3      | Reached XP level 6. HP: 43/43 MP: 6/6
  3042 | D:4      | Noticed Eustachio
  3247 | D:4      | Killed Eustachio
  3248 | D:4      | Reached skill level 8 in Stealth
  3395 | D:4      | Reached XP level 7. HP: 49/49 MP: 7/7
  3396 | D:4      | Found a staircase to the Ecumenical Temple.
  3412 | Temple   | Entered the Ecumenical Temple
  3436 | D:4      | Found a snail-covered altar of Cheibriados.
  4468 | D:4      | Found a white marble altar of Elyvilon.
  4577 | D:5      | Noticed Ijyb
  4583 | D:5      | Killed Ijyb
  4594 | D:5      | Learned a level 1 spell: Freeze
  4599 | D:5      | Reached skill level 5 in Fighting
  4609 | D:5      | Found a shadowy altar of Dithmenos.
  4620 | D:5      | Reached skill level 1 in Spellcasting
  4620 | D:5      | Reached skill level 1 in Ice Magic
  4713 | D:5      | Reached XP level 8. HP: 45/55 MP: 8/10
  4833 | D:5      | Noticed Prince Ribbit
  4837 | D:5      | Reached skill level 9 in Stealth
  4842 | D:5      | Killed Prince Ribbit
  5038 | D:5      | Noticed Dowan
  5039 | D:5      | Noticed Duvessa
  5046 | D:5      | Learned a level 2 spell: Ensorcelled Hibernation
  5052 | D:5      | Found a runed translucent gate.
  5052 | D:5      | Found a runed translucent gate.
  5052 | D:5      | Found a runed translucent gate.
  5053 | D:5      | Noticed pigah's ghost (novice OpSh)
  5065 | D:5      | Killed Duvessa
  5065 | D:5      | Killed Dowan
  5066 | D:5      | Reached skill level 5 in Short Blades
  5252 | D:5      | Learned a level 3 spell: Frozen Ramparts
  5368 | D:6      | Reached skill level 5 in Dodging
  6113 | D:5      | Noticed Sigmund
  6122 | D:5      | Killed Sigmund
  6123 | D:5      | Reached XP level 9. HP: 62/62 MP: 12/14
  7022 | D:6      | Noticed Menkaure
  7029 | D:6      | Killed Menkaure
  7241 | D:6      | Found a sacrificial altar of Ru.
  7249 | D:6      | Learned a level 3 spell: Mephitic Cloud
  7460 | D:7      | Found Gozag's Platinum Reserve.
  7540 | D:7      | Found an opulent altar of Gozag.
  7549 | D:7      | Became a worshipper of Gozag Ym Sagoz the Greedy
  7655 | D:7      | Reached skill level 1 in Poison Magic
  7664 | D:7      | Found a glowing golden altar of the Shining One.
  7836 | D:7      | Reached skill level 1 in Conjurations
  7836 | D:7      | Reached skill level 1 in Air Magic
  8117 | D:7      | Reached skill level 10 in Stealth
  8122 | D:7      | HP: 3/62 [wight/+3 scimitar of freezing (3)]
  8404 | D:7      | Reached XP level 10. HP: 69/69 MP: 11/16
  8407 | D:7      | Noticed Jeremiah
  8417 | D:7      | Killed Jeremiah
  8638 | D:7      | Found a bloodstained altar of Trog.
  8991 | D:7      | Found an ancient bone altar of Kikubaaqudgha.
  9557 | D:8      | Found a blossoming altar of Fedhas.
  9726 | D:8      | Found a shimmering blue altar of Sif Muna.
  9731 | D:8      | Identified a scroll of acquirement
  9731 | D:8      | Acquired the +8 short sword of Foomowax {drain, Contam
                  | rPois rC+ Dex+2}
  9840 | D:8      | Reached skill level 5 in Spellcasting
 10454 | D:9      | Noticed a death yak
 10455 | D:9      | Found a staircase to the Lair.
 10464 | D:9      | Learned a level 3 spell: Swiftness
 10468 | D:9      | Learned a level 3 spell: Ignite Poison
 10744 | D:9      | Identified the ring of Nupeil {Fly rN+++ rCorr Int-4
                  | Slay+3}
 10840 | D:9      | Identified the +0 flail of Watchfulness {freeze, rElec rF-
                  | Will- Dex+7}
 10963 | D:9      | Reached XP level 11. HP: 60/74 MP: 16/19
 11068 | D:9      | Reached skill level 5 in Poison Magic
 11291 | D:9      | Noticed a death yak
 11327 | D:9      | Noticed a death yak
 11734 | D:9      | Killed a death yak
 11902 | D:9      | Killed a death yak
 11915 | D:9      | Killed a death yak
 11916 | D:9      | Reached skill level 11 in Stealth
 11916 | D:9      | Reached skill level 1 in Transmutations
 11916 | D:9      | Reached skill level 1 in Fire Magic
 12325 | D:9      | Found a stormy altar of Qazlal.
 12462 | Lair:1   | Entered Level 1 of the Lair of Beasts
 12571 | Lair:1   | Found a transporter.
 12697 | Lair:1   | Noticed a boulder beetle
 12715 | Lair:1   | Killed a boulder beetle
 13161 | Lair:1   | Reached XP level 12. HP: 66/81 MP: 12/22
 13484 | Lair:1   | Found a transporter.
 14485 | Lair:2   | Noticed a catoblepas
 14745 | Lair:2   | Killed a catoblepas
 14828 | Lair:2   | Noticed a five-headed hydra
 15549 | Lair:2   | Killed a five-headed hydra
 15791 | Lair:2   | Noticed an eight-headed hydra
 15810 | Lair:2   | Killed an eight-headed hydra
 16173 | Lair:2   | Reached skill level 12 in Stealth
 16173 | Lair:2   | Reached skill level 5 in Transmutations
 16177 | Lair:2   | Reached skill level 5 in Fire Magic
 16239 | Lair:2   | Found a hole to the Spider Nest.
 16367 | Lair:2   | Reached XP level 13. HP: 49/88 MP: 9/24
 19307 | Lair:3   | Found a staircase to the Swamp.
 21053 | Lair:4   | Learned a level 5 spell: Freezing Cloud
 21619 | Lair:5   | Entered Level 5 of the Lair of Beasts
 21624 | Lair:5   | Reached skill level 10 in Short Blades
 22307 | Lair:4   | Reached skill level 5 in Conjurations
 22347 | Lair:5   | Reached skill level 5 in Air Magic
 22634 | Lair:5   | Reached skill level 13 in Stealth
 22634 | Lair:5   | Reached XP level 14. HP: 59/97 MP: 27/27
 23003 | Lair:5   | Reached skill level 5 in Ice Magic
 24786 | Lair:5   | Found a staircase to the Slime Pits.
 24821 | Lair:5   | Upgraded the game from 0.31-a0-854-g362426d53f to
                  | 0.31-a0-859-g9dce7d3444
 24831 | Lair:5   | HP: 4/147 [blink frog (9)]
 24835 | Lair:5   | Slain by a blink frog

Illustrated notes

Levels and vault maps discovered:
D:1:      matt_arrival_diagonals, layout_basic, skrybe_limestone_x,
          lemuel_flame_loot_1
D:2:      layout_basic, hellmonk_ecumenical_altar_heavens_door, serial_shops,
          nicolae_shop_scrapyard, serial_bayou_lagoon_a
D:3:      layout_basic, minmay_misc_feat_iff
D:4:      layout_layer_cave, kennysheep_slug_shrine,
          nicolae_overflow_hidden_temple, minmay_temple_entry_arrows,
          grunt_ministairs_6, fountainhead, uniq_eustachio
D:5:      layout_rooms, mainiacjoe_overflow_small_starburst,
          portal_sewer_entry_e, gammafunk_ghost_nasty_kobolds, uniq_ijyb,
          uniq_sigmund, uniq_prince_ribbit1, uniq_duvessa, uniq_grinder
D:6:      layout_loops_ring, nicolae_overflow_crystal_walls,
          eat_drink_and_be_merry_uskayaw, kennysheep_crisscross, uniq_menkaure
D:7:      layout_loops_ring, nicolae_tso_besieged_by_evil,
          nicolae_gozag_zags_fifth_avenue, trog_three_pillars_becter,
          kiku_gazebo_pond_becter, minmay_manual_mullet, uniq_jeremiah
D:8:      layout_loops_ring, mainiacjoe_overflow_big_doors
D:9:      minmay_twisted_water, layout_loops_ring,
          mainiacjoe_overflow_tiny_flanked, dpeg_lair_monsters, dk_vineyard_2,
          nicolae_looking_at_the_future
Temple:   chequers_temple_sunken
Lair:1:   gammafunk_cloud_chamber, layout_cave_pods, st_stairs_13,
          beast_lair_carwin_2
Lair:2:   layout_cave_pods, nicolae_spider_entry_orb_guardian,
          beast_lair_carwin_11, grunt_megastairs_3
Lair:3:   layout_cellular_growth, minmay_swamp_entry_swarm, st_stairs_8
Lair:4:   layout_cave_pods, grunt_forest_small_clearing_treed
Lair:5:   minmay_lair_end_enchanted_forest, layout_regular_city,
          nicolae_slime_entry_field_trip, uniq_rupert

Skill      XL: |  1  2  3  4  5  6  7  8  9 10 11 12 13 14 |
---------------+-------------------------------------------+-----
Stealth        | 7 8 9 10 11 12 13 | 13.9
Short Blades   | 3 4 5 6 7 9 10 | 10.0
Dodging        | 3 4 5 6 7 8 9 |  9.2
Fighting       | 4 5 6 7 8 9 |  9.8
Spellcasting   | 1 3 4 5 6 7 9 |  9.6
Ice Magic      | 1 3 4 6 |  6.0
Poison Magic   | 2 4 5 |  5.6
Conjurations   | 2 4 5 6 |  6.4
Air Magic      | 2 4 5 6 |  6.4
Transmutations | 2 5 6 |  6.7
Fire Magic     | 2 5 6 |  6.6
Polearms       | |  0.9

Action                     |  1- 3 |  4- 6 |  7- 9 | 10-12 | 13-15 || total
---------------------------+-------+-------+-------+-------+-------++-------
  Melee: Short sword       |    72 |   111 |   254 |   504 |   557 ||  1498
         Constrict         |    18 |    26 |    52 |    42 |    68 ||   206
         Tentacles         |    13 |    26 |    73 |   118 |   163 ||   393
         Punch             |     2 |     2 |     8 |     9 |    12 ||    33
  Throw: Dart              |       |       |    12 |       |     5 ||    17
         Boomerang         |       |       |     9 |       |    12 ||    21
         Throwing net      |       |       |       |       |     1 ||     1
   Cast: Freeze            |       |       |     2 |       |       ||     2
         Frozen Ramparts   |       |       |     1 |     8 |    32 ||    41
         Mephitic Cloud    |       |       |     3 |    31 |    39 ||    73
         Ignite Poison     |       |       |       |    22 |    13 ||    35
         Swiftness         |       |       |       |    11 |     9 ||    20
         Freezing Cloud    |       |       |       |       |     3 ||     3
 Invoke: Potion Petition   |       |       |       |       |     2 ||     2
  Evoke: Wand              |       |     4 |    20 |    34 |     6 ||    64
    Use: Scroll            |       |     6 |     4 |    12 |    14 ||    36
         Potion            |       |     3 |     3 |     6 |     1 ||    13
   Stab: Sleeping          |     9 |    12 |    22 |    14 |    16 ||    73
         Distracted        |       |       |     1 |     3 |     2 ||     6
         Confused          |       |       |     2 |     6 |    14 ||    22
         Held in net/web   |       |       |       |       |     1 ||     1
 Armour: Skin              |    34 |    46 |   147 |   229 |   204 ||   660
  Dodge: Dodged            |    31 |    50 |   127 |   200 |   287 ||   695

Table legend: (Time is in decaauts)
 A = Elapsed time spent in this place.
 B = Non-inter-level travel time spent in this place.
 C = Inter-level travel time spent in this place.
 D = Time resting spent in this place.
 E = Time spent auto-exploring this place.
 F = Levels seen in this place.
 G = Mean time per level.
                   A        B        C        D        E       F      G
               +--------+--------+--------+--------+--------+-----+--------+
         Total |  24712 |  23942 |    770 |  10350 |   7450 |  15 | 1647.5 |
       Dungeon |  12447 |  12086 |    361 |   4798 |   4172 |   9 | 1383.0 |
        Temple |      1 |      0 |      1 |      0 |      0 |   1 |    1.0 |
          Lair |  12263 |  11856 |    407 |   5552 |   3278 |   5 | 2452.6 |
               +--------+--------+--------+--------+--------+-----+--------+

Top non-repeatable levels by time:
  Lair:1: 3450 daAuts
  Lair:2: 2746 daAuts
  Lair:5: 2481 daAuts
     D:6: 2001 daAuts
     D:9: 1997 daAuts
  Lair:3: 1923 daAuts
     D:7: 1901 daAuts
     D:3: 1790 daAuts
  Lair:4: 1660 daAuts
     D:4: 1380 daAuts
     D:5: 1196 daAuts
     D:8: 933 daAuts
     D:1: 645 daAuts
     D:2: 600 daAuts
  Temple: 1 daAuts
